[Event "Fall IM-E Norm Invitational 2022"]
[Site "Charlotte"]
[Date "2022.11.21"]
[Round "7"]
[White "Sila Caglar"]
[Black "Sriram Krishnakumar"]
[Result "1-0"]
[ECO "B30"]
[WhiteElo "2268"]
[BlackElo "2248"]
[Annotator "TA"]
[PlyCount "143"]
[EventDate "2022.11.18"]
[EventType "tourn"]
[EventCountry "USA"]
[SourceTitle "playchess.com"]
[Source "ChessBase"]
[SourceQuality "1"]
[TimeControl "5400+30"]

1. e4 c5 2. Nf3 Nc6 3. g3 g6 4. Bg2 Bg7 5. O-O e5 6. d3 Nge7 7. Be3 d6 8. c3 O-O 9. Na3 Kh8 {[%emt 0:10:40] A04: Unusual lines after 1 Nf3 and King's Indian Attack.} 10. d4 cxd4 11. cxd4 Bg4 {[%emt 0:00:17] The position is equal.} 12. d5 $1 Nd4 13. Bxd4 exd4 14. Qd3 Bxf3 15. Bxf3 {[%emt 0:00:46] [#]} f5 $146 ({Predecessor:} 15... Rc8 16. Rac1 Rxc1 17. Rxc1 a6 18. Rd1 Qa5 19. Nc4 Qc5 20. Nd2 Rc8 21. Nb3 Qc2 22. Qxc2 Rxc2 {0-1 (83) Moreno Valle,A (2095)-Herrera Delgado,A (2266) Algeciras 2018}) 16. Rae1 f4 (16... Rc8 $14) 17. Nc4 (17. Rd1 $16) 17... b5 18. Nd2 g5 19. Bg4 Ng6 20. Nf3 (20. Qxb5 $6 Ne5 21. Bf5 Rb8 $11) 20... Ne5 21. Nxe5 (21. Qxd4 $2 Nxf3+ 22. Bxf3 Bxd4 $19) 21... Bxe5 22. Rc1 h5 (22... b4 $16 23. Bf5 a5) 23. Bf5 (23. Bxh5 $18 {and White stays clearly on top. Threatens to win with Bg4.} b4 24. Bg4) 23... a6 (23... Rf7 $16 {was called for.} 24. Qxb5 g4) 24. Rc6 $2 (24. gxf4 $1 $18 Bxf4 25. Qf3 $1 (25. Qxd4+ Kg8 $16) 25... Rxf5 26. Qxh5+ Kg8 27. Qg6+ Kh8 28. exf5 (28. Qxf5 Bxc1 29. Qh3+ Kg7 $18) 28... Bxc1 29. Qh6+ Kg8 30. Qe6+ Kf8 31. Rxc1) 24... Ra7 25. Rfc1 Qe7 (25... Kg7 $16 26. b4 Qf6) 26. Rc8 (26. Qd1 $1 $18 g4 27. Rc8) 26... Rxc8 (26... Kg7 $142) 27. Rxc8+ $16 Kg7 28. Qd1 $36 {[%emt 0:00:25][%mdl 2048] White is in control. White has more active pieces.} g4 $2 (28... Rc7 $16) 29. gxf4 $18 Bxf4 30. Qxd4+ Be5 31. Qb6 (31. Qe3 $18 {and the rest is easy.}) 31... h4 $2 (31... Rb7 $16 32. Qc6 (32. Qxa6 Rc7 $16) 32... Bxb2) 32. Qb8 (32. Bxg4 Kh6 33. Rg8 Bg7) (32. Qe3 $142) 32... Kh6 {[%emt 0:04:02] [#]} 33. Re8 $1 (33. Bxg4 $6 Rb7 34. Qa8 (34. Rh8+ Bxh8 35. Qxh8+ Qh7 $14) 34... Ra7) (33. Rg8 $6 Qc7 34. Qxc7 (34. Bxg4 Qxb8 35. Rxb8 Rc7 $16) (34. Qf8+ Bg7 $11) 34... Rxc7 35. Rxg4 Rg7 $16) 33... Qc7 (33... Rc7 34. Bxg4 (34. Rxe7 $2 Rc1+ 35. Kg2 h3#) 34... h3) 34. Re6+ (34. Bxg4 Qc1+ 35. Kg2 h3+ 36. Kf3 Qd1+ 37. Ke3 Bd4+ 38. Kf4 Rf7+ 39. Bf5 Qd2+ 40. Kg3 Qxf2+ 41. Kg4 Rg7+) 34... Kg5 35. Qg8+ Bg7 36. Rg6+ Kf4 {[%emt 0:00:11] ( -> ...Qc1+)} 37. Bxg4 Qc1+ (37... Ke5 $142 38. Bf5 Kd4) 38. Kg2 Qxb2 39. Qb8 Qe5 40. Re6 (40. Qxa7 $142 Qxe4+ 41. Kh3) 40... h3+ 41. Kxh3 (41. Bxh3 $142 Qg5+ 42. Kf1) 41... Qc3+ 42. f3 (42. Kg2 $142 Qc7 43. Qg8 (43. Qe8 Qf7 $18)) 42... Rd7 (42... Qc7 43. Qxc7 Rxc7) 43. Rxd6 Qe5 44. Rb6 (44. Bxd7 $2 Qh5+ 45. Kg2 Qxf3+ 46. Kg1 Bd4#) 44... Qxb8 45. Rxb8 {[%emt 0:00:03][%mdl 4096] Endgame KRB-KRB} Rd6 46. Rc8 Be5 47. Kg2 a5 48. Kf2 Bd4+ 49. Ke2 b4 $2 (49... Rh6 50. h4 a4 51. Rf8+ Rf6) 50. Kd3 Bg1 (50... Bc3 $142 51. Be6 Kxf3 52. Rf8+ Kg2) 51. h4 a4 52. Rf8+ Kg3 53. h5 Ra6 54. Rc8 Kf4 55. Rc6 {[%emt 0:00:56] Inhibits b3.} Ra7 (55... Ra8 $142 56. Rf6+ Kg3) 56. d6 {[%emt 0:01:35] aiming for d7.} b3 57. axb3 a3 58. Rc1 (58. d7 $142 Rb7 59. d8=Q Rxb3+ 60. Kc4 Rb1 61. Qd6+ Ke3 62. Qd3+ Kf2 63. Qxb1) 58... Bb6 59. Ra1 a2 60. b4 (60. h6 $142 Rh7 61. d7 Rxh6 62. Rxa2) 60... Ra3+ (60... Bd8 $142 61. Be6 Ra3+ 62. Kc2 Ra6 63. Rxa2 (63. h6 Rxd6 64. h7 Bf6 $18) 63... Rxd6) 61. Kc4 Bd8 62. d7 Bf6 {[%emt 0:00:13] [#]} 63. b5 $1 {[%emt 0:08:06][%cal Oe4e5] Black must now prevent e5!} Bxa1 64. d8=Q {[%emt 0:00:24] Against Bf6. Threatening mate with Qf8+.} (64. d8=R {[#]} Bd4 $1 65. Rxd4 a1=Q 66. e5+ Kxe5 67. f4+ Kf6 68. Rd6+ Ke7 69. Rd7+ Ke8 70. Bf5 Qc1+ 71. Kd5 Qxf4 72. Be6 Qg5+ 73. Kc4 Qe3 74. Rd4 Rc3+ 75. Kd5 Qg5+) 64... Ra4+ 65. Kb3 Be5 66. Qd2+ (66. Kxa4 $2 {is the wrong capture.} a1=Q+ 67. Kb4 Qc3+ 68. Ka4 Qc2+ 69. Ka5 Bc7+ $19) 66... Kg3 67. Qxa2 (67. Qe1+ $142 Kf4 68. Qc1+ Kg3 69. Qe1+ Kf4 70. Qc1+ Kg3 71. Kxa4 a1=Q+ 72. Qxa1 Bxa1 73. b6) 67... Rxa2 68. Kxa2 {[%emt 0:00:03] White mates.} Kf4 69. h6 Kg5 70. h7 Kh6 71. Bf5 Kg7 72. Kb3 {[%emt 0:00:04] Weighted Error Value: White=0.93/Black=0.81} 1-0

[Event "Fall IM-E Norm Invitational 2022"]
[Site "Charlotte"]
[Date "2022.11.21"]
[Round "7"]
[White "Harshid Kunka"]
[Black "Dante Beukes"]
[Result "1-0"]
[ECO "B99"]
[WhiteElo "2236"]
[BlackElo "2299"]
[Annotator "TA"]
[PlyCount "79"]
[EventDate "2022.11.18"]
[EventType "tourn"]
[EventCountry "USA"]
[SourceTitle "playchess.com"]
[Source "ChessBase"]
[SourceQuality "1"]
[TimeControl "5400+30"]

1. e4 c5 2. Nf3 d6 3. d4 cxd4 4. Nxd4 Nf6 5. Nc3 a6 6. Bg5 e6 7. f4 Be7 8. Qf3 Qc7 9. O-O-O Nbd7 10. Bd3 h6 11. Bh4 g5 12. fxg5 Ne5 13. Qe2 Nfg4 14. h3 hxg5 15. Bg3 Nf6 16. Nf3 {[%emt 0:01:43] B99: Sicilian Najdorf: 6 Bg5 e6 7 f4 Be7 8 Qf3 Qc7 9 0-0-0 Nbd7.} Nh5 17. Bh2 Nf4 18. Qd2 {[%emt 0:06:16][%cal Of3g5] The position is equal.} Nfxd3+ 19. cxd3 Nxf3 20. gxf3 b5 {[%emt 0:00:04][%cal Bb7b5,Bb5b4][%mdl 32] [#] Hoping for ...b4.} 21. Kb1 b4 22. Ne2 {[%emt 0:00:59] [#]} a5 $146 ({Predecessor:} 22... Qa5 23. Nd4 Bd7 24. Qg2 e5 25. Nf5 Bxf5 26. exf5 Qd5 27. Rhe1 Rh4 28. Re4 b3 {1-0 (39) Van Doren,B (1945)-Sprangers,R (2230) Eindhoven 2019}) 23. f4 gxf4 24. Bxf4 Ba6 (24... e5 $5 25. Bh6 Qb7 $15) 25. Bg5 ({Of course not} 25. Rc1 Qd7 26. Rcd1 Rc8 $17) 25... Bxd3+ $2 {[%emt 0:02:44][%mdl 8192] This costs Black the game.} 26. Qxd3 $18 Bxg5 27. Qb5+ Kf8 28. Qxg5 Qc4 (28... Qc5 $142 29. Qxc5 dxc5) 29. Qe3 Rh4 30. Nd4 {[%emt 0:06:22] Black must now prevent Rc1.} a4 31. Rc1 Qa6 {[%emt 0:00:04] [#]} 32. Nxe6+ $1 {[%emt 0:03:41][%mdl 512] White mates.} fxe6 (32... Ke8 33. Nc7+) 33. Qf2+ Ke8 34. Qxh4 a3 35. Qh8+ Kd7 36. Qg7+ Ke8 37. Qg8+ Kd7 38. Qf7+ Kd8 39. Rhg1 Qd3+ 40. Rc2 {[%emt 0:00:06] Weighted Error Value: White=0.22 (precise) /Black=0.59} 1-0

[Event "Fall IM-E Norm Invitational 2022"]
[Site "Charlotte"]
[Date "2022.11.21"]
[Round "7"]
[White "Alperen Kanli"]
[Black "Attila Istvan Csonka"]
[Result "1-0"]
[ECO "E20"]
[WhiteElo "2171"]
[BlackElo "2321"]
[Annotator "TA"]
[PlyCount "97"]
[EventDate "2022.11.18"]
[EventType "tourn"]
[EventCountry "USA"]
[SourceTitle "playchess.com"]
[Source "ChessBase"]
[SourceQuality "1"]
[TimeControl "5400+30"]

1. d4 {[%emt 0:00:02] Krasenkow,Michal} Nf6 2. c4 e6 3. Nc3 Bb4 4. f3 c5 5. d5 Nh5 6. g3 d6 {[%emt 0:01:33] E20: Nimzo-Indian: 4 g3 and 4 f3.} 7. e4 exd5 {[%emt 0:03:46] [#]} 8. Qxd5 $146 ({Predecessor:} 8. cxd5 f5 9. exf5 O-O 10. Nge2 Bxf5 11. Bg2 c4 12. O-O Bd3 13. Bh3 Na6 14. Be6+ {0-1 (43) Khenkin,I (2620)-Ivanchuk,V (2741) Germany 2006 CBM 116 [Krasenkow,Michal]}) 8... f5 (8... Bxc3+ $11 9. bxc3 Nf6) 9. exf5 $14 Nf6 {[%emt 0:00:50] Against Qe4+} 10. Qd3 O-O 11. Bf4 (11. g4 $5 ) 11... Re8+ 12. Nge2 Bxc3+ 13. bxc3 Qa5 (13... Bd7 $11 {keeps the balance.}) 14. Kf2 $16 {[%emt 0:01:57] g4 is the strong threat.} (14. Bxd6 Bxf5 15. Qd2 Nc6 $17) 14... Nc6 15. g4 ({Much weaker is} 15. Bxd6 Rd8 16. Rd1 Qxa2 $11) 15... Ne5 16. Bxe5 ({But not} 16. Qxd6 Nexg4+ 17. Kg2 Ne3+ 18. Bxe3 Rxe3 $15) ({Better is} 16. Qc2 $16) 16... dxe5 $14 17. Ng3 {[%emt 0:00:12] Inhibits e4.} (17. h3 $5 ) 17... Qc7 (17... Bd7 $1 $14) 18. Rd1 h6 (18... Bd7 $16) 19. Ne4 b6 (19... Nxe4+ $16 20. fxe4 (20. Qxe4 Bd7 $14) 20... b6) 20. Nxf6+ $18 gxf6 21. Qd5+ Kf8 22. Be2 Bb7 23. Qd6+ (23. Qd2 $18 Kg7 24. Qd7+ Re7 25. Qxc7 Rxc7 26. Rd6) 23... Qe7 (23... Qxd6 $142 24. Rxd6 Ke7) 24. Qxe7+ Kxe7 25. Rd2 Rad8 26. Rhd1 Rxd2 27. Rxd2 $16 {[%emt 0:00:01][%mdl 4096] Endgame KRB-KRB} Bc6 28. a4 Rd8 29. Ra2 a5 30. Ke3 Rd6 31. Ra1 Be8 32. Bd3 Bf7 33. h4 Kf8 {[%emt 0:01:04] [#]} (33... Ke8 $16) 34. Ra2 $1 $18 Be8 (34... Ke7 $16 35. Be2 Ke8) 35. Be2 (35. Be4 $18 {is the precise move to win.}) 35... Bc6 36. f4 {[%emt 0:01:05] And now fxe5 would win.} exf4+ {[%emt 0:01:52] This costs Black the game.} (36... e4 $16 37. Rb2 Bxa4) 37. Kxf4 Be8 $2 (37... Rd8 38. Rb2 Rb8) 38. g5 hxg5+ 39. hxg5 fxg5+ 40. Kxg5 {[%emt 0:00:01] Black must now prevent Bf3.} Kg7 $2 (40... Bf7 41. f6 Be6) 41. Bf3 {[%emt 0:00:54] White is clearly winning.} Rd3 42. Bd5 {[%emt 0:01:31] Hoping for f6+.} Bf7 (42... Rg3+ $142 43. Kf4 Rg1) 43. Rb2 Bxd5 44. cxd5 {[%emt 0:00:01] KR-KR} Rg3+ 45. Kf4 Rxc3 46. Rxb6 Kf7 47. Ke5 Re3+ {[%emt 0:00:13] [#]} 48. Kd6 $1 c4 49. Rc6 {[%emt 0:00:14] Weighted Error Value: White=0.18 (very precise) /Black=0.35} 1-0

[Event "Fall IM-E Norm Invitational 2022"]
[Site "Charlotte"]
[Date "2022.11.21"]
[Round "7"]
[White "Liam Putnam"]
[Black "Grayson Rorrer"]
[Result "1/2-1/2"]
[ECO "D85"]
[WhiteElo "2161"]
[BlackElo "2230"]
[Annotator "TA"]
[PlyCount "143"]
[EventDate "2022.11.18"]
[EventType "tourn"]
[EventCountry "USA"]
[SourceTitle "playchess.com"]
[Source "ChessBase"]
[SourceQuality "1"]
[TimeControl "5400+30"]

1. d4 Nf6 2. c4 g6 3. Nc3 d5 4. cxd5 Nxd5 5. e4 Nxc3 6. bxc3 Bg7 7. Nf3 c5 8. Rb1 O-O 9. Be2 cxd4 10. cxd4 Qa5+ 11. Bd2 Qxa2 12. O-O Bg4 13. Bg5 e6 {[%emt 0:04:02] D85: Exchange Grünfeld: Unusual White 7th moves and lines with 7 Nf3.} 14. Rxb7 {[%emt 0:11:09] [#]} Bxf3 $146 ({Predecessor:} 14... Nc6 15. d5 exd5 16. exd5 Bxf3 17. Bxf3 Nd4 18. d6 Qa5 19. Be7 Rfe8 20. Rc7 Rab8 21. Bc6 Rxe7 22. dxe7 Qxc7 23. e8=Q+ Rxe8 24. Bxe8 {1-0 (45) Gallego Alcaraz,A (2511)-Cardoso,L (1639) Chess.com INT 2018}) 15. Bxf3 ({Don't play} 15. gxf3 Nc6 16. d5 exd5 $17) 15... Qa6 {[%emt 0:00:05] White is slightly better.} 16. Rb1 Re8 (16... Nc6 $16 {was worth a try.}) 17. Ra1 (17. Be2 $18 Qa5 18. d5) 17... Qb5 $16 18. e5 Nc6 19. Qa4 Qxa4 20. Rxa4 Rac8 21. Bxc6 Rxc6 22. Rxa7 h6 23. Be3 h5 24. Rb1 {[%emt 0:00:46] Rbb7 is the strong threat.} Rec8 25. g3 {[%emt 0:00:53] Hoping for Rbb7. White has more active pieces.} R8c7 26. Rb8+ Kh7 27. Rbb7 Rxb7 28. Rxb7 {[%emt 0:00:02][%mdl 4096] Endgame KRB-KRB} Kg8 29. Kg2 Rc3 30. Rd7 Rb3 31. h3 Ra3 32. Bg5 Rd3 33. Kf1 Rd1+ 34. Ke2 Rh1 35. Kf3 Rb1 36. Bf4 Rb3+ 37. Ke4 h4 38. gxh4 Rxh3 39. Bg5 Rh2 40. f4 Rh3 41. Rd8+ Kh7 42. Rd7 Kg8 43. Rd8+ Kh7 44. d5 exd5+ 45. Rxd5 Rh1 46. Rd7 Kg8 47. Rb7 Rd1 48. Re7 Re1+ 49. Kd5 Rd1+ 50. Kc6 Rd4 51. Rb7 Rd3 52. Kc7 Kh7 53. Kb8 Kg8 54. Kc7 Kh7 $1 55. Kc6 Kg8 56. Rd7 Rc3+ 57. Kd6 {[%emt 0:00:14] aiming for Rd8+.} Bf8+ 58. Kd5 Rd3+ 59. Kc6 Rc3+ 60. Kb7 {[%emt 0:00:28] Threatens to win with Rd8.} Bg7 61. Rc7 Rxc7+ 62. Kxc7 {[%emt 0:00:02] KB-KB} Bf8 63. Kd7 {[%emt 0:01:30][%cal Oh4h5] White wants to mate with h5!} Bb4 {[%emt 0:00:19] [#]} 64. h5 $1 gxh5 {[%emt 0:00:19] [#]} 65. f5 $1 {[%emt 0:00:04] Threatening mate with Be7.} Bc3 $2 (65... Kh7 $18 66. Kd8 (66. e6 fxe6 67. fxe6 Kg7 $11) 66... Kg7) 66. Bf4 $2 (66. e6 {mates} fxe6 67. fxe6 Bb4 68. Be7 Bd2 69. Bd6 Bg5 70. Bc7 Kh7 71. Bd8) 66... h4 $11 {[%emt 0:00:40] The position is equal.} 67. f6 h3 68. Ke8 {[%emt 0:00:12][%cal Oe5e6] e6! would kill now.} Bb4 69. Bg3 Ba3 70. Bh2 Bb4 71. Bf4 Ba3 72. Bg3 {[%emt 0:01:32] Weighted Error Value: White=0.13 (very precise) /Black=0.07 (flawless)} 1/2-1/2

[Event "Fall IM-E Norm Invitational 2022"]
[Site "Charlotte"]
[Date "2022.11.21"]
[Round "7"]
[White "Ethan Sheehan"]
[Black "Roberto Martin Del Campo"]
[Result "1/2-1/2"]
[ECO "E91"]
[WhiteElo "2157"]
[BlackElo "2243"]
[Annotator "TA"]
[PlyCount "95"]
[EventDate "2022.11.18"]
[EventType "tourn"]
[EventCountry "USA"]
[SourceTitle "playchess.com"]
[Source "ChessBase"]
[SourceQuality "1"]
[TimeControl "5400+30"]

1. d4 Nf6 2. Nf3 g6 3. c4 Bg7 4. Nc3 d6 5. e4 O-O 6. Be2 Bg4 7. Be3 Nfd7 8. Ng1 Bxe2 9. Ngxe2 e5 10. O-O Nc6 11. d5 Ne7 12. b4 f5 {[%emt 0:00:20] E91: King's Indian: Classical: 6 Be2, unusual replies including 6...c5 and 6...Bg4.} 13. f3 Nf6 14. c5 f4 {[%emt 0:10:43] White is slightly better.} 15. Bf2 g5 16. Rc1 Rf7 {[%emt 0:03:27] [#]} 17. a4 $146 ({Predecessor:} 17. cxd6 cxd6 18. Nb5 Ng6 19. Qc2 Bf8 20. Nc7 Rc8 21. Ne6 Rxc2 22. Nxd8 Rxe2 23. Nxf7 Kxf7 {½-½ (56) Matta,N (2231)-Martin Del Campo C,R (2297) Charlotte 2021}) 17... Bf8 18. cxd6 cxd6 19. Nb5 {[%emt 0:00:07] [#] And now Nc7 would win.} Nc8 $1 20. Rc3 {[%emt 0:10:49] aiming for Qc2.} a6 21. Na3 g4 22. Qc2 Rg7 23. Kh1 (23. Bh4 {feels hotter.} gxf3 24. Rcxf3 Be7 25. Bxf6 Bxf6 26. Kh1) 23... Qe8 24. Bh4 Be7 25. Rc1 {[%emt 0:12:30] White has more active pieces. The black rooks are badly placed.} (25. Bxf6 {with more complications.} Bxf6 26. fxg4 Rxg4 27. Rc7) 25... Na7 26. Bxf6 Bxf6 27. fxg4 Rxg4 28. Ng1 (28. g3 $16) 28... Rg7 29. Nc4 Rd8 30. Nb6 Kh8 31. Nf3 Qg6 {[%emt 0:01:13] [#]} 32. Re1 ({Better is} 32. Rc7 $1 $16) 32... Rdg8 $11 {[%emt 0:00:38][%cal Bd8g8,Bg8g7,Bg7c7][%mdl 32] The position is equal.} 33. Re2 Qe8 34. Qd1 Qd8 35. Qg1 Rc7 36. Rec2 Rgg7 37. a5 Nb5 38. Rxc7 Rxc7 39. Qc1 Kg7 40. Kg1 Kf7 41. g3 Rxc2 42. Qxc2 fxg3 43. hxg3 Qg8 44. Kg2 Qg4 {[%emt 0:00:44][%cal Og4f3] Strongly threatening ...Qxf3+!} 45. Qd3 h5 46. Nh2 {[%emt 0:00:19] Pair of Knights!} Qg5 47. Nc4 Qc1 48. Nf1 {[%emt 0:00:05] Weighted Error Value: White=0.10 (very precise) /Black=0.08 (flawless)} 1/2-1/2